 Dungeon Sprint DCSS version 0.21-a0-216-g6d3fd91 (webtiles) character file.

4576 Kidiri the Grappler (level 10, -1/111 HPs)
             Began as a Troll Monk on Aug 23, 2017.
             Was an Elder of Wu Jian.
             Slain by a catoblepas (7 damage)
             ... in the Dungeon (Sprint IX: "|||||||||||||||||||||||||||||").
             The game lasted 00:05:10 (733 turns).

Kidiri the Grappler (Troll Monk)                     Turns: 733, Time: 00:05:11

Health: -1/111     AC: 10    Str: 23    XL:     10   Next: 18%
Magic:  9/9        EV:  1    Int: 11    God:    Wu Jian [****..]
Gold:   0          SH:  0    Dex: 18    Spells: 9/9 levels left

rFire    . . .     SeeInvis .     - Unarmed
rCold    . . .     Gourm    +   (no shield)
rNeg     + + +     Faith    .   a - +2 robe
rPois    ∞         Spirit   .   (helmet restricted)
rElec    .         Reflect  .   n - +2 cloak
rCorr    .         Harm     .   (gloves unavailable)
MR       .....     NoTele   +   (boots unavailable)
Stlth    ++........             (no amulet)
HPRegen  0.68/turn              o - +3 ring of intelligence
MPRegen  0.11/turn              p - +3 ring of dexterity

@: petrified, serpent's lash
A: unfitting armour, claws 3, blink, clever 1, fast metabolism 3, gourmand,
regeneration 1, shaggy fur 1, strong 1, tough skin 2, evolution 1
a: Blink, Serpent's Lash, Renounce Religion


You were in the Dungeon.
You worshipped Wu Jian.
Wu Jian was greatly pleased with you.
You were completely stuffed.

You visited 1 branch

Inventory:

Armour
 a - a +2 robe (worn)
 n - a +2 cloak (worn)
Jewellery
 o - a +3 ring of intelligence (left claw)
 p - a +3 ring of dexterity (right claw)
Wands
 m - a wand of acid (7/15)
Scrolls
 h - 2 scrolls of blinking
 k - 3 scrolls of remove curse
 l - 2 scrolls of amnesia
 s - 3 scrolls of identify
 u - a scroll of fear
Potions
 c - 6 potions of curing
 d - a potion of heal wounds
 e - a potion of haste
 f - 4 potions of magic
 g - 2 potions of berserk rage
 j - a potion of invisibility
 q - a potion of agility
 r - a potion of might
Comestibles
 b - 2 bread rations
 i - 11 chunks of flesh


   Skills:
 * Level 10.6 Fighting
 + Level 7.7 Throwing
 + Level 7.0 Armour
 * Level 10.7 Dodging
 - Level 1.0 Stealth
 * Level 12.4 Unarmed Combat


You had 9 spell levels left.
You didn't know any spells.

Dungeon Overview and Level Annotations

Branches:
Dungeon (1/1)

Altars:
Cheibriados
Dithmenos
Elyvilon
Fedhas
Gozag
Hepliaklqana
Kikubaaqudgha
Makhleb
Nemelex Xobeh
Okawaru
Qazlal
Ru
Sif Muna
Trog
Uskayaw
Vehumet
Wu Jian
Xom
Yredelemnul
Zin
The Shining One
Beogh
Jiyva
Lugonu


Innate Abilities, Weirdness & Mutations

You are too large for most types of armour.
You have claws for hands.
Your metabolism is lightning-fast.
You like to eat raw meat.
Your natural rate of healing is unusually fast.
You are covered in fur. (AC +1)
You have very tough skin. (AC +2)
You can translocate small distances at will.
Your mind is acute. (Int +2)
Your muscles are strong. (Str +2)
You evolve.


Message History

You are slowing down.
The catoblepas gores you.
You scratch the catoblepas but do no damage.
The catoblepas is moderately wounded.
You are engulfed in calcifying dust.
Your limbs have turned to stone.
The catoblepas gores you!!
You have turned to stone.
You are engulfed in calcifying dust.
The catoblepas gores you!
You are engulfed in calcifying dust.
The catoblepas gores you!! The catoblepas gores you!! x2
The catoblepas gores you!!!
* * * LOW HITPOINT WARNING * * *
The catoblepas gores you!!
* * * LOW HITPOINT WARNING * * *
The death yak snorts and paws the ground.
The catoblepas gores you but does no damage.
The yak snorts and paws the ground.
The catoblepas gores you!!
* * * LOW HITPOINT WARNING * * *
The catoblepas gores you!
You die...

▓÷▓.▓_▓
▓.▓.▓_▓
▓%▓.▓_▓
▓.▓.▓_▓
▓.▓.▓_▓
▓.▓.▓_▓
▓.▓.▓_▓
▓.▓.▓_▓
▓@▓.▓_▓
▓Y▓.▓'▓
▓Y▓.▓.▓
▓Y▓.▓.▓
▓Y▓.▓|▓
▓Y▓.▓)▓
▓Y▓.▓[▓
▓Y▓.▓.▓
▓.▓[▓


You could see 4 death yaks, a catoblepas and 2 yaks.

Vanquished Creatures
  A two-headed ogre (D)
  An ugly thing (D)
  An elephant (D)
  2 spiny frogs (D)
  2 komodo dragons (D)
  2 hippogriffs (D)
  A dream sheep (D)
  A yak (D)
  2 water moccasins (D)
  2 porcupines (D)
  2 ice beasts (D)
  A phantom (D)
  3 crocodiles (D)
  5 bullfrogs (D)
  2 scorpions (D)
  2 howler monkeys (D)
  A jelly (D)
  An adder (D)
  A dart slug (D)
  3 orcs (D)
  A bat (D)
  A bat zombie (D)
  2 hobgoblins (D)
  A frilled lizard (D)
41 creatures vanquished.

Notes
Turn   | Place    | Note
-------+----------+-------------------------------------------
     0 | D        | Kidiri the Troll Monk began the quest for the Orb.
     0 | D        | Reached XP level 1. HP: 22/22 MP: 0/0
    36 | D        | Noticed a howler monkey
    36 | D        | Noticed a howler monkey
    36 | D        | Noticed an ice beast
    41 | D        | Reached XP level 2. HP: 27/31 MP: 1/1
    50 | D        | Killed a howler monkey
    50 | D        | Reached skill level 1 in Throwing
    50 | D        | Reached skill level 1 in Armour
    50 | D        | Reached skill level 4 in Unarmed Combat
    50 | D        | Reached XP level 3. HP: 31/39 MP: 2/2
    58 | D        | Reached skill level 5 in Unarmed Combat
    58 | D        | Reached XP level 4. HP: 41/48 MP: 3/3
    81 | D        | Killed an ice beast
    81 | D        | Reached skill level 5 in Fighting
    81 | D        | Reached skill level 5 in Dodging
    81 | D        | Reached skill level 6 in Unarmed Combat
    81 | D        | Reached XP level 5. HP: 20/57 MP: 4/4
    92 | D        | Found a roughly hewn altar of Beogh.
    92 | D        | Found a snail-covered altar of Cheibriados.
    92 | D        | Found a shadowy altar of Dithmenos.
    92 | D        | Found a white marble altar of Elyvilon.
    92 | D        | Found a blossoming altar of Fedhas.
    92 | D        | Found an opulent altar of Gozag.
    93 | D        | Found a hazy altar of Hepliaklqana.
    94 | D        | Found a viscous altar of Jiyva.
    95 | D        | Found an ancient bone altar of Kikubaaqudgha.
    96 | D        | Found a corrupted altar of Lugonu.
    97 | D        | Found a burning altar of Makhleb.
    98 | D        | Found a sparkling altar of Nemelex Xobeh.
    99 | D        | Found an iron altar of Okawaru.
   100 | D        | Found a stormy altar of Qazlal.
   101 | D        | Found a sacrificial altar of Ru.
   102 | D        | Found a deep blue altar of Sif Muna.
   103 | D        | Found a bloodstained altar of Trog.
   104 | D        | Found a hide-covered altar of Uskayaw.
   105 | D        | Found a radiant altar of Vehumet.
   106 | D        | Found an ornate altar of the Wu Jian Council.
   107 | D        | Found a shimmering altar of Xom.
   108 | D        | Found a basalt altar of Yredelemnul.
   109 | D        | Found a glowing silver altar of Zin.
   110 | D        | Found a glowing golden altar of the Shining One.
   171 | D        | Noticed a two-headed ogre
   178 | D        | Killed a two-headed ogre
   178 | D        | Reached skill level 5 in Throwing
   178 | D        | Reached skill level 9 in Unarmed Combat
   178 | D        | Reached XP level 6. HP: 69/71 MP: 5/5
   178 | D        | Reached XP level 7. HP: 76/78 MP: 6/6
   216 | D        | Noticed a brown ugly thing
   218 | D        | Reached XP level 8. HP: 88/88 MP: 7/7
   226 | D        | Killed a brown ugly thing
   226 | D        | Reached skill level 5 in Armour
   226 | D        | Reached skill level 10 in Unarmed Combat
   280 | D        | Became a worshipper of the Wu Jian Council
   280 | D        | Reached * piety under Wu Jian
   280 | D        | Reached ** piety under Wu Jian
   381 | D        | Gained mutation: You can translocate small distances at will. [mutagenic meat]
   382 | D        | Gained mutation: You have large cloven feet. [mutagenic meat]
   383 | D        | Gained mutation: You are frail. (-10% HP) [mutagenic meat]
   384 | D        | Gained mutation: Your muscles are strong. (Str +2) [mutagenic meat]
   402 | D        | Lost mutation: You have large cloven feet. [potion of mutation]
   402 | D        | Lost mutation: You are frail. (-10% HP) [potion of mutation]
   402 | D        | Gained mutation: You are clumsy. (Dex -2) [potion of mutation]
   402 | D        | Gained mutation: Your mind is acute. (Int +2) [potion of mutation]
   402 | D        | Gained mutation: You evolve. [potion of mutation]
   402 | D        | Lost mutation: You are clumsy. (Dex -2) [potion of mutation]
   425 | D        | Noticed a hippogriff
   425 | D        | Noticed a komodo dragon
   425 | D        | Noticed a spiny frog
   443 | D        | Killed a hippogriff
   451 | D        | Killed a komodo dragon
   451 | D        | Reached *** piety under Wu Jian
   451 | D        | Reached XP level 9. HP: 47/98 MP: 8/8
   452 | D        | Noticed a spiny frog
   453 | D        | Killed a spiny frog
   453 | D        | Reached skill level 11 in Unarmed Combat
   470 | D        | Killed a spiny frog
   470 | D        | Reached **** piety under Wu Jian
   605 | D        | Noticed a komodo dragon
   605 | D        | Noticed an elephant
   606 | D        | Reached skill level 10 in Dodging
   609 | D        | Reached skill level 10 in Fighting
   613 | D        | Killed a komodo dragon
   623 | D        | Reached ***** piety under Wu Jian
   629 | D        | Killed an elephant
   629 | D        | Reached skill level 12 in Unarmed Combat
   629 | D        | Reached XP level 10. HP: 63/111 MP: 9/9
   705 | D        | Noticed a catoblepas
   705 | D        | Noticed a death yak
   705 | D        | Noticed a death yak
   721 | D        | Noticed a death yak
   721 | D        | Noticed a death yak
   732 | D        | HP: 5/111 [catoblepas (16)]
   733 | D        | Slain by a catoblepas

Vault maps used:
D:        linesprint

Skill      XL: |  1  2  3  4  5  6  7  8  9 10 |
---------------+-------------------------------+-----
Dodging        | 3 4 5 7 8 9 10 | 10.7
Fighting       | 3 4 5 7 9 10 | 10.6
Throwing       | 1 2 3 5 6 7 |  7.7
Armour         | 1 2 4 5 6 7 |  7.0
Unarmed Combat | 4 5 6 9 10 12 | 12.4
Stealth        | |  1.0

Action                   |  1- 3 |  4- 6 |  7- 9 | 10-12 || total
-------------------------+-------+-------+-------+-------++-------
Melee: Unarmed           |    35 |    18 |    97 |    12 ||   162
       Punch             |     1 |     1 |    10 |     1 ||    13
Invok: Serpent's Lash    |       |       |     1 |     2 ||     3
       Heavenly Storm    |       |       |     1 |       ||     1
  Use: Scroll            |       |       |     4 |       ||     4
       Potion            |       |       |     3 |       ||     3
  Eat: Chunk             |       |     7 |     8 |     1 ||    16
Armor: Robe              |    10 |     1 |    15 |     4 ||    30
Dodge: Dodged            |    13 |    13 |    54 |     2 ||    82

Table legend:
 A = Spawn XP
 B = Non-spawn XP
 C = Spawn XP percentage of total XP
 D = Spawn monster count
 E = Non-spawn monster count
 F = Spawn count percentage of total count
 G = Total turns spent on level
                    A         B        C        D         E        F      G
               +---------+---------+-------+---------+---------+-------+---------
         Total |       0 |    6538 |   0.0 |       0 |      41 |   0.0 |   733
               +---------+---------+-------+---------+---------+-------+---------
             D |       0 |    6538 |   0.0 |       0 |      41 |   0.0 |   733
               +---------+---------+-------+---------+---------+-------+---------
